 Dungeon Crawl Stone Soup version 0.21.1-1-g345015f (webtiles) character file.

16 inc the Vexing (level 2, -1/11 HPs)
             Began as a Felid Enchanter on Feb 21, 2018.
             Slain by an adder (3 damage)
             ... on level 2 of the Dungeon.
             The game lasted 00:01:28 (866 turns).

inc the Vexing (Felid Enchanter)                     Turns: 866, Time: 00:01:29

Health: -1/11      AC:  1    Str:  4    XL:     2   Next: 37%
Magic:  0/6        EV: 18    Int: 16    God:
Gold:   48         SH:  0    Dex: 16    Spells: 2/5 levels left
                                        Lives:  0   Deaths: 0

rFire    . . .     SeeInvis +     - Unarmed
rCold    . . .     Gourm    .   (shield unavailable)
rNeg     . . .     Faith    .   (armour unavailable)
rPois    .         Spirit   .   (helmet unavailable)
rElec    .         Reflect  .   (cloak unavailable)
rCorr    .         Harm     .   (gloves unavailable)
MR       .....                  (boots unavailable)
Stlth    +++.......             (no amulet)
HPRegen  0.03/turn              (no ring)
MPRegen  0.10/turn              (no ring)

@: quick
A: very small, no armour, no weapons or thrown items, stealth, claws 1, fangs 3,
see invisible, carnivore, speed 1, shaggy fur 1, slow metabolism 1, sharp paws
a: no special abilities


You were on level 2 of the Dungeon.
You were not hungry.

You visited 1 branch of the dungeon, and saw 2 of its levels.

You collected 48 gold pieces.

Inventory:

Scrolls
 d - a scroll of immolation {unknown}
 f - a scroll of identify {unknown}
 g - a scroll of noise {unknown}
 i - 2 scrolls of teleportation {unknown}
 k - a scroll of fog {unknown}
 l - a scroll of blinking {unknown}
Potions
 c - a potion of haste {unknown}
 e - a potion of heal wounds {unknown}
 h - a potion of degeneration {unknown}
 j - a potion of magic {unknown}
Books
 a - a book of Maledictions

   Spells                             Type                      Level
   a - Corona                         Hexes                        1
   b - Ensorcelled Hibernation        Hexes/Ice                    2
   c - Confuse                        Hexes                        3
   d - Tukima's Dance                 Hexes                        3
   e - Dazzling Spray                 Conjuration/Hexes            3
Comestibles
 b - 5 rations


   Skills:
 - Level 2.6 Dodging
 - Level 4.0 Stealth
 + Level 2.4 Unarmed Combat
 - Level 2.0 Spellcasting
 - Level 4.4 Hexes


You had 2 spell levels left.
You knew the following spells:

 Your Spells              Type           Power        Failure   Level  Hunger
a - Corona                Hex            ###....      3%          1    #......
b - Ensorcelled Hibernat  Hex/Ice        #.....       13%         2    ###....


Dungeon Overview and Level Annotations

Branches:
Dungeon (2/15)

Altars:
Xom


Innate Abilities, Weirdness & Mutations

You cannot wear armour.
You are incapable of wielding weapons or throwing items.
Your paws allow you to move quietly. (Stealth)
You have sharp claws.
You have razor-sharp teeth.
You have supernaturally acute eyesight. (SInv)
You are carnivorous and can eat meat at any time.
You cover ground quickly.
You are covered in fur. (AC +1)
You have a slow metabolism.
Your sharp claws are effective at attacking unaware monsters.


Message History

Confirm with . or Enter, or press ? or * to list all spells.
Aiming: Corona
Press: ? - help, Shift-Dir - straight line, f/p - adder
Aim: an adder (almost dead, softly glowing, chance to defeat MR: 61%)
The adder glows brighter for a moment.
The adder misses you.
Casting: Corona
Confirm with . or Enter, or press ? or * to list all spells.
You don't have enough magic to cast that spell.
Unknown command.
You barely miss the adder. You bite the adder, but do no damage.
The adder is almost dead.
The adder bites you.
* * * LOW HITPOINT WARNING * * *
You closely miss the adder.
The adder is almost dead.
The adder closely misses you. x2
You scratch the adder but do no damage.
The adder is almost dead.
The adder bites you.
You die...

# # ##.#. #.%..
##.#.# # ##.
....###..# ..
#.S.....# #.
#.@# # #.###..#
#.##.>....# ###
#.(.......###$#
#..
#.............#
#.#
#.####.########
#.# #.#
##.#####.# #.#
...).....# #.#


You could see an adder.

Vanquished Creatures
  An ooze (D:1)
  A dart slug (D:1)
  A leopard gecko (D:1)
  A hobgoblin (D:1)
  A bat (D:2)
  2 frilled lizards (D:1)
  2 goblins (D:1)
  A kobold (D:1)
10 creatures vanquished.

Notes
Turn   | Place    | Note
-------+----------+-------------------------------------------
     0 | D:1      | inc the Felid Enchanter began the quest for the Orb.
     0 | D:1      | Reached XP level 1. HP: 7/7 MP: 4/4
   439 | D:1      | Reached XP level 2. HP: 10/11 MP: 6/6
   452 | D:1      | Learned a level 2 spell: Ensorcelled Hibernation
   552 | D:1      | Found a sparkling altar of Nemelex Xobeh.
   554 | D:1      | Found a stormy altar of Qazlal.
   554 | D:1      | Found a shimmering altar of Xom.
   556 | D:1      | Found a shadowy altar of Dithmenos.
   556 | D:1      | Found a shattered altar of Ashenzari.
   556 | D:1      | Found a white marble altar of Elyvilon.
   866 | D:2      | Slain by an adder

Skill      XL: |  1 |
---------------+----+-----
Unarmed Combat | 2 |  2.4
Dodging        | |  2.6
Stealth        | |  4.0
Spellcasting   | |  2.0
Hexes          | |  4.4

Action                   || total
-------------------------++-------
Melee: Unarmed           ||    34
       Bite              ||     7
       Punch             ||     1
 Cast: Corona            ||    10
       Ensorcelled Hiber ||     1
 Stab: Sleeping          ||     5
  Eat: Chunk             ||     1
Armor: Skin              ||     1
Dodge: Dodged            ||    33
